 Dungeon Crawl Stone Soup version 0.29.1-2-gbd0b4ee654 (webtiles) character file.

Game seed: 9348520492698657965

793 concernfroge the Fighter (level 7, -24/63 HPs)
             Began as a Mummy Monk on Nov 20, 2022.
             Was a Believer of Okawaru.
             Killed by an exploding orc wizard (55 damage)
             ... ignited by their inner flame
             ... on level 6 of the Dungeon.
             The game lasted 00:18:24 (6028 turns).

concernfroge the Fighter (Mummy Monk)               Turns: 6028, Time: 00:18:24

Health: -24/63     AC: 11    Str: 16    XL:     7   Next: 57%
Magic:  8/8        EV:  7    Int: 10    God:    Okawaru [**....]
Gold:   327        SH:  0    Dex: 14    Spells: 6/6 levels left

rFire   x . .      SeeInvis .   j - +0 scythe
rCold   + + .      Faith    .   (shield currently unavailable)
rNeg    + + +      Spirit   .   i - +3 chain mail {Will+}
rPois   ∞          Reflect  .   (no helmet)
rElec   .          Harm     .   (no cloak)
rCorr   .          Rampage  .   (no gloves)
Will    +....                   (no boots)
Stlth   ..........              h - amulet of the acrobat
HPRegen 0.20/turn               g - ring of protection from cold
MPRegen 0.11/turn               (no ring)

@: confused
A: cold resistance 1, negative energy resistance 3, torment resistance 2, heat
vulnerability 1, in touch with death 1, no potions
a: Renounce Religion, Heroism


You were on level 6 of the Dungeon.
You worshipped Okawaru.
Okawaru was pleased with you.
You visited 2 branches of the dungeon, and saw 7 of its levels.

You collected 327 gold pieces.

Inventory:

Hand Weapons
 b - a +0 war axe
 j - a +0 scythe (weapon)
Missiles
 m - 4 poisoned darts (quivered)
 p - a curare-tipped dart
Armour
 i - a +3 chain mail of willpower (worn)
 l - a +2 scale mail of cold resistance
 n - a +0 ring mail of fire resistance
 r - the +2 buckler of the Bagpipe {rF+ Int+5}
   (You found it on level 6 of the Dungeon)

   Int:       It affects your intelligence (+5).
   rF:        It protects you from fire.
Jewellery
 g - a ring of protection from cold (left hand)
 h - an amulet of the acrobat (around neck)
Wands
 k - a wand of polymorph (4)
Scrolls
 a - a scroll of fog
 c - 5 scrolls of enchant weapon
 d - a scroll of identify
 e - a scroll of poison
 f - a scroll of immolation
 o - 2 scrolls of fear


   Skills:
 + Level 8.8 Fighting
 - Level 2.4 Polearms
 - Level 2.4 Dodging
 - Level 1.5 Stealth
 + Level 1.7 Invocations


You had 6 spell levels left.
You didn't know any spells.
Your spell library contained the following spells:

 Spells                   Type           Power      Damage    Failure   Level
 Cause Fear               Hex            0%         N/A       100%        4
 Dragon Form              Tmut           Unusable   N/A       N/A         7
 Dragon's Call            Summ           Unusable   N/A       N/A         9

Dungeon Overview and Level Annotations

Branches:
Dungeon (6/15)             Temple (1/1) D:6

Altars:
Ashenzari
Cheibriados
Dithmenos
Fedhas
Hepliaklqana
Kikubaaqudgha
Makhleb
Nemelex Xobeh
Okawaru
Qazlal
Ru
Sif Muna
Trog
Vehumet
Wu Jian
Xom
Yredelemnul

Shops:
D:2 *

Annotations:
D:3 Grinder


Innate Abilities, Weirdness & Mutations

You are immune to poison.
Your flesh is cold resistant. (rC+)
You are immune to negative energy. (rN+++)
You are immune to unholy pain and torment.
You are vulnerable to heat. (rF-)
You are in touch with the powers of death.
You do not drink.


Message History

The orc wizard mumbles some strange words.
The orc wizard flickers and vanishes!
Deactivating autopickup; reactivate with Ctrl-A.
The orc warrior hits you from afar with a +0 trident.
Really read the scroll of immolation?
As you read the scroll of immolation, it crumbles to dust.
The creatures around you are filled with an inner flame!
Something hits you but does no damage. The orc warrior closely misses you.
You miss something. Something hits you.
The orc warrior hits you from afar with a +0 trident.
You closely miss something.
You hear some strange, mumbled words.
A puff of flame appears from out of thin air!
The puff of flame hits you but does no damage.
The orc warrior hits you from afar with a +0 trident!
Something hits you.
The orc warrior hits you from afar with a +0 trident.
You miss something.
You hear some strange, mumbled words.
A puff of flame appears from out of thin air!
The puff of flame misses you. The orc warrior closely misses you.
The air fills with toxic fumes!
As you read the scroll of poison, it crumbles to dust.
You hear some strange, mumbled words.
You are confused.
The orc wizard gestures at you while chanting.
The puff of flame hits something.
Flame seeps out of something.
The orc warrior hits you from afar with a +0 trident.
You nearly stumble into some deep water!
Okawaru accepts your kill.
Reactivating autopickup.
You feel a bit more experienced.
The orc wizard explodes!
The fiery explosion engulfs the ogre!!
Flame seeps out of the ogre.
The ogre is severely wounded.
The fiery explosion engulfs the orc warrior!!
Okawaru accepts your kill. The fiery explosion engulfs you!!!
The fire burns you terribly!
Ouch! That really hurt!
You die...

...#
####........#.#####....
...#
#≈≈≈≈≈≈≈≈≈............
...#
...≈##≈≈≈##≈##..........
..... ####≈
######≈............
...### #
#§§§#≈≈....###..... ...#
#§§§#≈≈..#####.#... ...#
O)o#≈≈#####....... ...#
# ##○###≈# #....#... ..#
#≈##§@§##≈# #..###...
..## #§§§§§§§§§####..#
#... ...####
#§§§§§§####.....# ####
.......
#§§§§§§§......#.## #
######
#§§§§§§#§.###.#..# ##
#§§§§§§§§§.......# .#
.§§§§#§###§###.#..# .##
###§§§#§§.#§#...#.##
.<## ##...###.#.#†###.#


You could see an ogre (inner flame) and an orc wizard (inner flame).

Vanquished Creatures
  Sigmund (D:2)
  Duvessa (D:4)
  A black bear (D:6)
  An orc warrior (D:6)
  A phantom (D:6)
  A kobold brigand (D:6)
  2 orc priests
  Ijyb (D:3)
  Terence (D:3)
  An orc wizard (D:6)
  4 gnolls
  4 adders
  An ufetubus (D:6)
  2 worms
  6 dart slugs
  8 orcs
  5 endoplasms
  3 giant cockroaches
  3 goblins
  7 hobgoblins
  12 kobolds
  2 quokkas
  11 ball pythons
  5 bats
  6 frilled lizards
  7 rats
97 creatures vanquished.

Notes
Turn   | Place    | Note
-------+----------+-------------------------------------------
     0 | D:1      | concernfroge the Mummy Monk began the quest for the Orb.
     0 | D:1      | Reached XP level 1. HP: 18/18 MP: 1/1
   204 | D:1      | Reached XP level 2. HP: 17/24 MP: 2/2
   498 | D:1      | Reached skill level 4 in Fighting
   796 | D:1      | Gained mutation: You are in touch with the powers of death.
                  | [Mummy growth]
   796 | D:1      | Reached XP level 3. HP: 12/31 MP: 3/3
  1226 | D:2      | Found a faded altar of an unknown god.
  1482 | D:2      | Noticed Sigmund
  1499 | D:3      | Found a snail-covered altar of Cheibriados.
  1527 | D:3      | Reached XP level 4. HP: 38/38 MP: 4/4
  1603 | D:3      | Reached skill level 5 in Fighting
  1793 | D:3      | Noticed Terence
  1819 | D:3      | Killed Terence
  2102 | D:3      | Found a shimmering altar of Xom.
  2120 | D:3      | Reached XP level 5. HP: 29/46 MP: 5/5
  2433 | D:3      | Noticed Grinder
  2444 | D:3      | Found a bloodstained altar of Trog.
  2717 | D:2      | You fall into a shaft and drop 1 floor!
  2926 | D:4      | Noticed a phantom
  2933 | D:4      | Noticed Duvessa
  2933 | D:4      | Noticed Dowan
  3263 | D:2      | Found Henn's General Store.
  3318 | D:2      | Killed Sigmund
  3319 | D:2      | Reached skill level 7 in Fighting
  3319 | D:2      | Reached XP level 6. HP: 38/55 MP: 6/6
  3662 | D:3      | Noticed Ijyb
  3675 | D:3      | Killed Ijyb
  4931 | D:4      | Killed Duvessa
  4932 | D:4      | Reached skill level 8 in Fighting
  4932 | D:4      | Reached XP level 7. HP: 18/62 MP: 7/7
  4934 | D:4      | Noticed Dowan
  4934 | D:4      | Dowan changed into Dowan the frilled lizard
  4935 | D:4      | Killed Dowan the frilled lizard
  5548 | D:5      | Entered Level 5 of the Dungeon
  5585 | D:6      | Found an iron altar of Okawaru.
  5600 | D:6      | Became a worshipper of Warmaster Okawaru
  5600 | D:6      | Reached * piety under Okawaru
  5600 | D:6      | Reached ** piety under Okawaru
  5760 | D:6      | Reached skill level 1 in Invocations
  5776 | D:6      | Found a staircase to the Ecumenical Temple.
  5781 | D:6      | Identified the +2 buckler of the Bagpipe {rF+ Int+5}
  5793 | Temple   | Entered the Ecumenical Temple
  5993 | D:6      | Found a sacrificial altar of Ru.
  6012 | D:6      | Found a sparkling altar of Nemelex Xobeh.
  6028 | D:6      | Killed by an exploding orc wizard... ignited by their inner
                  | flame

Illustrated notes

Levels and vault maps discovered:
D:1:      dpeg_arrival_tiny_a, layout_basic, minmay_cupped
D:2:      layout_basic, basic_ecumenical_altar, serial_shops,
          nicolae_square_shop, minmay_strange_pillars, uniq_sigmund
D:3:      layout_basic, cheibriados_altar_1, trog_three_pillars_becter,
          amcnicky_altar_gilded, uniq_ijyb, uniq_terence, uniq_grinder
D:4:      layout_layer_cave, zin_treasury, uniq_duvessa
D:5:      layout_basic
D:6:      layout_rooms, okawaru_trees_1,
          nicolae_uskayaw_murder_on_the_dancefloor,
          mainiacjoe_overflow_large_starburst, minmay_temple_entry_nine_rooms,
          kennysheep_cross_room, lightli_minifort
Temple:   hellmonk_temple_two_chambers

Skill      XL: |  1  2  3  4  5  6  7 |
---------------+----------------------+-----
Fighting       | 4 5 7 8 |  8.8
Invocations    | 1 |  1.7
Polearms       | |  2.4
Dodging        | |  2.4
Stealth        | |  1.5

Action                   |  1- 3 |  4- 6 |  7- 9 || total
-------------------------+-------+-------+-------++-------
Melee: Spear             |   174 |   103 |       ||   277
       Punch             |     1 |       |       ||     1
       War axe           |       |    19 |       ||    19
       Halberd           |       |    81 |    71 ||   152
Throw: Dart              |       |    11 |     1 ||    12
Evoke: Wand              |       |       |     3 ||     3
  Use: Scroll            |       |    10 |     4 ||    14
Armor: Chain mail        |    80 |   147 |    71 ||   298
Dodge: Dodged            |    56 |   115 |    39 ||   210
